 Dungeon Crawl Stone Soup version 0.26.1-11-gd32895ea62 (webtiles) character file.

Game seed: 8305698351836218416

1162 infcreate the Sneak (level 8, 0/45 HPs)
             Began as a Vampire Necromancer on July 13, 2021.
             Killed by divine providence
             ... invoked by an orc priest
              (12 damage)
             ... on level 5 of the Dungeon.
             The game lasted 00:17:55 (5131 turns).

infcreate the Sneak (Vampire Necromancer)           Turns: 5131, Time: 00:17:56

Health: 0/45       AC:  5    Str:  7    XL:     8   Next: 17%
Magic:  10/13      EV: 16    Int: 18    God:
Gold:   184        SH:  0    Dex: 16    Spells: 4/13 levels left

rFire    . . .     SeeInvis +   u - +2 dagger (venom)
rCold    + + .     Faith    .   (no shield)
rNeg     + + +     Spirit   .   a - +1 robe
rPois    ∞         Reflect  .   (no helmet)
rElec    .         Harm     .   (no cloak)
rCorr    .         Rampage  .   B - +0 pair of gloves
Will     .....                  A - +0 pair of boots
Stlth    ++++++....             c - amulet of magic regeneration
HPRegen  0.00/turn              (no ring)
MPRegen  0.38/turn              (no ring)

@: bloodless
A: fangs 3, see invisible, unbreathing
a: Bat Form, Revivify


You were on level 5 of the Dungeon.
You visited 1 branch of the dungeon, and saw 5 of its levels.

You collected 184 gold pieces.


Innate Abilities, Weirdness & Mutations

You do not regenerate when monsters are visible.
You are frail without blood (-20% HP).
You can heal yourself when you bite living creatures.
You are immune to poison.
You have razor-sharp teeth.
You have supernaturally acute eyesight. (SInv)
You can survive without breathing.


   Skills:
 + Level 2.6 Fighting
 + Level 3.0 Short Blades
 * Level 5.5 Dodging
 * Level 7.6 Stealth
 + Level 3.4 Spellcasting
 * Level 6.7 Necromancy


You had 4 spell levels left.
You knew the following spells:

 Your Spells              Type           Power        Failure   Level
a - Animate Skeleton      Necr           54%          1%          1
d - Animate Dead          Necr           13%          10%         4
p - Pain                  Necr           100%         1%          1
v - Vampiric Draining     Necr           13%          3%          3

Your spell library contained the following spells:

 Spells                   Type           Power        Failure   Level
 Agony                    Necr           27%          26%         5

Inventory:

Hand Weapons
 u - a +2 dagger of venom (weapon)
Armour
 a - a +1 robe (worn)
 A - a +0 pair of boots (worn)
 B - a +0 pair of gloves (worn)
Jewellery
 c - an amulet of magic regeneration (around neck)
Wands
 r - a wand of polymorph (6)
 y - a wand of digging (6)
Scrolls
 d - a scroll of magic mapping {unknown}
 e - 3 scrolls of identify {@r1}
 j - 2 scrolls of enchant armour
 l - 2 scrolls of remove curse {@r2}
 m - a scroll of enchant weapon {unknown}
 n - a scroll of teleportation {@r4}
 s - a scroll of fog {unknown}
 t - a scroll of noise {unknown}
 x - a scroll of amnesia {unknown}
Potions
 b - 3 potions of might {unknown}
 f - 2 potions of magic {unknown}
 g - 4 potions of curing {@q1}
 h - a potion of mutation {unknown}
 i - 2 potions of lignification
 k - a potion of flight {unknown}
 o - a potion of degeneration {unknown}
 p - a potion of brilliance {unknown}
 q - a potion of haste {unknown}
 v - a potion of invisibility {unknown}
 w - a potion of resistance {unknown}
 z - 2 potions of heal wounds {unknown}

Dungeon Overview and Level Annotations

Branches:
Dungeon (5/15)
 Temple: D:4-7

Altars:
Ashenzari
Elyvilon
Qazlal
Ru
Sif Muna

Shops:
D:5

[
#.........#.##.#...#....
###.#..........###.#.#..
###......#..............
#......###.#..#####.##..
#......###...## #...##
#......##..### ###...
#.....(#.....# ###.
#######(.###.# #. #.@.#
.# ## ....)..oc## . #
.........# .# #
.........# . ...[....$#
.........# ........o#
..........


You could see a centaur, an orc priest and an orc.


Message History

You can't see any susceptible monsters within range! (Use Z to cast anyway.)
You start resting.
Magic restored.
The centaur shouts!
The centaur wields a +0 shortbow.
The centaur shoots an arrow.
The arrow hits you!
Items here: ( ) [ †.
You start resting.
A centaur is nearby!
The centaur writhes in agony.
The centaur shoots an arrow.
The arrow hits you!
The centaur shoots an arrow.
The arrow hits you!
* * * LOW HITPOINT WARNING * * *
The centaur shoots an arrow.
The arrow hits you!
* * * LOW HITPOINT WARNING * * *
The orc shouts!
Items here: ( ) [ †.
An orc priest comes into view. It is wielding a +0 club.
The orc priest shouts!
You hear a shout!
The centaur unwields a +0 shortbow.
The centaur closely misses you.
Casting: Pain (safe; 1% risk of failure)
Confirm with . or Enter, or press ? or * to list all spells.
Aiming: Vampiric Draining (dangerous; 3% risk of failure)
Press: ? - help, Shift-Dir - straight line, f/p - centaur
Aim: a centaur, quivering 21 arrows (lightly wounded)
The centaur is moderately wounded.
You feel life coursing into your body. The centaur closely misses you.
The orc closely misses you.
The orc priest invokes the aid of Beogh against you.
Beogh smites you!
You die...

Skill      XL: |  1  2  3  4  5  6  7  8 |
---------------+-------------------------+-----
Short Blades   | 1 2 3 |  3.0
Dodging        | 3 4 5 |  5.5
Stealth        | 4 5 6 7 |  7.6
Fighting       | 1 2 |  2.6
Necromancy     | 5 6 |  6.7
Spellcasting   | 3 |  3.4

Action                   |  1- 3 |  4- 6 |  7- 9 || total
-------------------------+-------+-------+-------++-------
Melee: Dagger            |     6 |    28 |    56 ||    90
       Bite              |       |       |     8 ||     8
 Cast: Pain              |    43 |    69 |    61 ||   173
       Vampiric Draining |     1 |    10 |    11 ||    22
 Abil: Exsanguinate      |     1 |       |       ||     1
  Use: Scroll            |     3 |     5 |       ||     8
 Stab: Sleeping          |     6 |    17 |     4 ||    27
Armor: Robe              |     3 |     4 |     9 ||    16
Dodge: Dodged            |    14 |    30 |    45 ||    89

Levels and vault maps discovered:
D:1:      dpeg_arrival_pond, layout_basic
D:2:      layout_rooms, elyvilon_altar_5
D:3:      layout_basic, ebering_dispersal_statue_hall
D:4:      layout_loops_ring, gammafunk_temple_overflow_claw, old_standard_altar,
          uniq_edmund, uniq_sigmund
D:5:      layout_rooms, temple_green, serial_shops, shop

Notes
Turn   | Place    | Note
-------+----------+-------------------------------------------
     0 | D:1      | infcreate the Vampire Necromancer began the quest for the
                  | Orb.
     0 | D:1      | Reached XP level 1. HP: 13/13 MP: 3/3
    14 | D:1      | Learned a level 1 spell: Animate Skeleton
   332 | D:1      | Reached XP level 2. HP: 15/15 MP: 5/5
   635 | D:1      | Reached XP level 3. HP: 20/20 MP: 3/6
   639 | D:1      | Learned a level 3 spell: Vampiric Draining
   693 | D:1      | You fall into a shaft and drop 1 floor!
  1154 | D:2      | Reached skill level 1 in Short Blades
  1154 | D:2      | Reached skill level 3 in Dodging
  1207 | D:2      | Reached skill level 4 in Stealth
  1207 | D:2      | Reached XP level 4. HP: 24/24 MP: 2/7
  1320 | D:2      | Reached skill level 1 in Fighting
  1570 | D:2      | Found a white marble altar of Elyvilon.
  1784 | D:2      | Reached skill level 5 in Necromancy
  1942 | D:2      | Reached XP level 5. HP: 29/29 MP: 8/8
  2734 | D:3      | Reached skill level 5 in Stealth
  2927 | D:4      | Noticed Edmund
  3071 | D:4      | Learned a level 4 spell: Animate Dead
  3077 | D:4      | Reached skill level 4 in Dodging
  3077 | D:4      | Reached XP level 6. HP: 26/34 MP: 2/9
  3216 | D:4      | Found a broken altar of Ashenzari.
  3216 | D:4      | Found a stormy altar of Qazlal.
  3217 | D:4      | Found a sacrificial altar of Ru.
  3314 | D:4      | Found a shimmering blue altar of Sif Muna.
  3442 | D:4      | Noticed Sigmund
  3446 | D:4      | Killed Sigmund
  3447 | D:4      | Reached skill level 2 in Short Blades
  3538 | D:4      | Killed Edmund
  3539 | D:4      | Reached skill level 2 in Fighting
  3539 | D:4      | Reached skill level 6 in Stealth
  3539 | D:4      | Reached skill level 6 in Necromancy
  3539 | D:4      | Reached XP level 7. HP: 33/40 MP: 8/11
  3599 | D:4      | Reached skill level 3 in Spellcasting
  4049 | D:4      | Reached skill level 5 in Dodging
  4167 | D:4      | You fall into a shaft and drop 1 floor!
  4167 | D:5      | Entered Level 5 of the Dungeon
  4183 | D:5      | Reached skill level 7 in Stealth
  4537 | D:5      | Reached XP level 8. HP: 45/45 MP: 8/13
  4578 | D:5      | Found Omeoch's Antique Armour Emporium.
  4599 | D:5      | Reached skill level 3 in Short Blades
  5131 | D:5      | Killed from afar by an orc priest

Vanquished Creatures
  Sigmund (D:4)
  Edmund (D:4)
  An ogre (D:5)
  A scorpion (D:4)
  A centaur zombie (D:5)
  5 orc priests
  2 hounds
  3 orc wizards
  5 worker ants
  A worker ant zombie (D:5)
  A howler monkey skeleton (D:5)
  12 gnolls
  8 adders
  A shadow imp (D:5)
  3 worms
  A dart slug (D:2)
  3 leopard geckos
  15 orcs
  6 bats
  5 giant cockroaches
  6 goblins
  9 hobgoblins
  2 jackals (D:2)
  9 kobolds
  A quokka (D:3)
  3 frilled lizards
  A leopard gecko skeleton (D:4)
  A quokka skeleton (D:5)
  2 rats
110 creatures vanquished.

Table legend: (Time is in decaauts)
 A = Elapsed time spent in this place.
 B = Non-inter-level travel time spent in this place.
 C = Inter-level travel time spent in this place.
 D = Time resting spent in this place.
 E = Time spent auto-exploring this place.
 F = Levels seen in this place.
 G = Mean time per level.
                   A        B        C        D        E       F      G
               +--------+--------+--------+--------+--------+-----+--------+
         Total |   5130 |   4520 |    610 |   1807 |      0 |   5 | 1026.0 |
       Dungeon |   5130 |   4520 |    610 |   1807 |      0 |   5 | 1026.0 |
               +--------+--------+--------+--------+--------+-----+--------+

Top non-repeatable levels by time:
     D:4: 1307 daAuts
     D:2: 1296 daAuts
     D:1: 964 daAuts
     D:3: 914 daAuts
     D:5: 647 daAuts

Table legend:
 A = Non-vault XP
 B = Vault XP
 C = Vault XP percentage of total XP
 D = Non-vault monster count
 E = Vault monster count
 F = Vault count percentage of total count
                 A         B        C        D         E       F
            +---------+---------+-------+---------+---------+-------
      Total |    1277 |     384 |  23.1 |     108 |       2 |   1.8
            +---------+---------+-------+---------+---------+-------
        D:1 |      43 |       0 |   0.0 |      17 |       0 |   0.0
        D:2 |     200 |       0 |   0.0 |      32 |       0 |   0.0
        D:3 |     248 |       0 |   0.0 |      18 |       0 |   0.0
        D:4 |     354 |     384 |  52.0 |      19 |       2 |   9.5
        D:5 |     432 |       0 |   0.0 |      22 |       0 |   0.0
            +---------+---------+-------+---------+---------+-------
